AoeStats
← KK

Arabia

508909178Analyzed
1v1 RM · 9d ago on Sep 24, 2026· 39m 11s· 2 players
Game mode
Random Map
Map size
Tiny (2 player)
Population
200
Speed
Normal
Resources
Standard
Victory
Conquest
Starting age
Dark Age
Ending age
Imperial Age
RankedLock teamsTeams togetherTeam positionsShared explorationLock speedFull tech treeHidden civsTurbo modeCheats
Victory
Defeat
🇨🇳 Franks · China
1715
+23
🇹🇷 Georgians · Türkiye
1880
-23
KK
5:48 Loom
9:49 Feudal Age
10:18 Double-Bit Axe
17:06 Wheelbarrow
16:59 Forging
22:55 Castle Age
21:31 Scale Barding Armor
21:45 Gold Mining
23:52 Husbandry
24:15 Chain Barding Armor
24:08 Bow Saw
25:38 Iron Casting
beadir
11:30 Feudal Age
9:46 Loom
11:32 Feudal Age
12:33 Double-Bit Axe
13:12 Horse Collar
21:34 Wheelbarrow
20:44 Town Watch
25:04 Castle Age
23:14 Gold Mining
24:07 Forging
24:18 Scale Mail Armor
25:07 Pikeman
26:24 Iron Casting
26:06 Bow Saw
25:59 Squires
25:23 Light Cavalry
38:12 Chain Mail Armor
Connection lost

Rejoining the realm…

Still unreachable

The connection could not be restored.

Session expired

The server has moved on; the page needs a fresh start.